AoeStats
← ING.PATRICK

Socotra

504149852Analyzed
3v3 RM · 29d ago on Sep 4, 2026· 44m 32s· 6 players
Game mode
Random Map
Map size
128×128
Population
200
Speed
Normal
Resources
Standard
Victory
Conquest
Starting age
Dark Age
Ending age
Imperial Age
RankedLock teamsTeams togetherTeam positionsShared explorationLock speedFull tech treeHidden civsTurbo modeCheats
Victory
Defeat
🇵🇪 Slavs · Peru
1440
+9
🇻🇪 Ethiopians · Venezuela
1211
+19
🇲🇽 Celts · Mexico
1087
+23
🇺🇸 Poles · United States
1278
-17
🇺🇸 Gurjaras · United States
1266
-17
🇺🇸 Berbers · United States
1263
-17
TERRES300
7:25 Loom
10:39 Feudal Age
10:47 Man-at-Arms
13:51 Scale Mail Armor
16:38 Forging
16:42 Arson
19:46 Horse Collar
19:59 Double-Bit Axe
21:19 Gold Mining
26:20 Castle Age
24:36 Fletching
25:52 Padded Archer Armor
26:30 Long Swordsman
27:28 Chain Mail Armor
27:32 Bow Saw
27:24 Heavy Plow
29:58 Wheelbarrow
31:57 Elite Skirmisher
34:29 Stone Mining
36:16 Gold Shaft Mining
36:30 Stone Shaft Mining
35:23 Crossbowman
37:51 Hand Cart
39:04 Leather Archer Armor
38:45 Bodkin Arrow
41:01 Ballistics
44:36 Imperial Age
43:38 Iron Casting
43:09 Gambesons
44:50 Town Watch
ING.PATRICK
9:04 Feudal Age
9:22 Loom
10:02 Double-Bit Axe
15:56 Forging
22:53 Castle Age
20:39 Horse Collar
22:47 Bloodlines
22:57 Light Cavalry
23:44 Scale Barding Armor
24:28 Husbandry
28:22 Chain Barding Armor
28:05 Detinets
29:45 Iron Casting
30:28 Bow Saw
32:00 Heavy Plow
32:37 Wheelbarrow
33:22 Gold Mining
33:23 Stone Mining
37:15 Imperial Age
36:00 Fletching
37:50 Bodkin Arrow
39:20 Plate Barding Armor
39:13 Ballistics
40:21 Hand Cart
41:19 Blast Furnace
44:01 Elite Boyar
45:30 Gold Shaft Mining
45:27 Crop Rotation
Horubea
1:33 Loom
10:25 Feudal Age
11:06 Town Watch
19:18 Castle Age
17:18 Fletching
18:36 Double-Bit Axe
19:28 Crossbowman
26:23 Gold Mining
29:14 Bodkin Arrow
32:57 Wheelbarrow
33:53 Ballistics
39:05 Imperial Age
37:21 Padded Archer Armor
40:05 Bracer
40:50 Arbalester
SirH
1:27 Loom
11:19 Feudal Age
13:15 Double-Bit Axe
14:17 Fletching
14:35 Scale Barding Armor
19:33 Fletching
19:43 Horse Collar
26:12 Castle Age
27:38 Wheelbarrow
26:50 Town Watch
27:24 Bow Saw
27:09 Gold Mining
35:45 Husbandry
40:37 Chain Barding Armor
41:30 Bodkin Arrow
42:10 Heavy Plow
43:40 Forging
Cheario
0:55 Loom
9:58 Feudal Age
10:28 Double-Bit Axe
12:07 Wheelbarrow
12:30 Horse Collar
15:20 Forging
15:36 Scale Mail Armor
16:20 Town Watch
21:20 Castle Age
19:52 Gold Mining
20:32 Stone Mining
21:56 Bloodlines
22:50 Gold Shaft Mining
23:05 Husbandry
23:53 Heavy Plow
24:19 Bow Saw
25:33 Scale Barding Armor
27:34 Fletching
28:42 Iron Casting
29:55 Chain Mail Armor
35:18 Chain Barding Armor
40:20 Imperial Age
38:10 Bodkin Arrow
38:37 Masonry
41:52 Plate Mail Armor
42:11 Stone Shaft Mining
42:28 Bracer
44:04 Heavy Camel Rider
Mordon327
6:58 Loom
9:54 Feudal Age
23:50 Castle Age
22:04 Scale Barding Armor
24:05 Bloodlines
24:41 Forging
23:55 Light Cavalry
25:41 Wheelbarrow
27:12 Horse Collar
30:30 Double-Bit Axe
36:13 Hand Cart
41:41 Iron Casting
41:18 Gold Mining
Connection lost

Rejoining the realm…

Still unreachable

The connection could not be restored.

Session expired

The server has moved on; the page needs a fresh start.